[Event "Late-Titled-Tuesday-Blitz-October-03-2023"]
[Site "Chess.com"]
[Date "2023.10.03"]
[Round "2"]
[White "JohnWhite1952"]
[Black "jaskol95"]
[Result "0-1"]
[WhiteElo "2062"]
[BlackElo "2640"]
[TimeControl "180+1"]
[EndTime "14:18:01 PDT"]
[Termination "jaskol95 won by checkmate"]

1. e4 d5 2. exd5 Nf6 3. d4 Bg4 4. Be2 Bxe2 5. Qxe2 Qxd5 6. Nf3 Nc6 7. c3 e6 8. Bf4 Bd6 9. Bxd6 Qxd6 10. Nbd2 O-O-O 11. O-O Nd5 12. Ne4 Qe7 13. a4 g5 14. a5 g4 15. Nfd2 e5 16. a6 b6 17. Qxg4+ Kb8 18. Qe2 exd4 19. Qb5 Qe8 20. c4 Nf4 21. c5 Ne5 22.
Qxe8 Rhxe8 23. cxb6 cxb6 24. Rfe1 Ned3 25. Reb1 f5 26. Ng3 Ne2+ 27. Nxe2 Rxe2 28. Nf3 Nxf2 29. Kf1 Rc2 30. Ne1 Rd2 31. Nf3 Ne4 32. Rd1 Rf2+ 33. Kg1 Rg8 34. Nh4 Rg4 35. g3 Rxb2 36. Rxd4 Nxg3 37.
Rxg4 Ne2+ 38. Kf1 fxg4 39. Nf5 Nc3 40. Rc1 Nb5 41. Ne7 Nc7 42. Nc6+ Ka8 43. Re1 Nxa6 44. Re8+ Kb7 45. Nd8+ Kc7 46. Ne6+ Kd7 47. Ng7 Nc5 48.
Re5 a5 49. Rg5 a4 50. Rxg4 a3 51. Rd4+ Kc6 52. Nf5 a2 53. Ne7+ Kb5 54. Rd1 Rb1 55. Ke1 Rxd1+ 56. Kxd1 a1=Q+ 57. Kc2 Qa2+ 58. Kc1 Nb3+ 59.
Kd1 Qd2# 0-1

[Event "Late-Titled-Tuesday-Blitz-October-03-2023"]
[Site "Chess.com"]
[Date "2023.10.03"]
[Round "2"]
[White "Defend1r"]
[Black "IngOscarArdila"]
[Result "0-1"]
[WhiteElo "2494"]
[BlackElo "2327"]
[TimeControl "180+1"]
[EndTime "14:18:01 PDT"]
[Termination "IngOscarArdila won by checkmate"]

1. c4 Nf6 2. Nc3 d6 3. d4 Nbd7 4. g3 c6 5. Bg2 Qc7 6. Nf3 e5 7. e4 Be7 8. O-O O-O 9. Be3 Re8 10. Nh4 Nf8 11. Nf5 Bxf5 12. exf5 Rad8 13. Qa4 a6 14. Qb3 N8d7 15. a4 Ng4 16. dxe5 dxe5 17. Bc1 Nc5 18. Qc2 a5 19. h3 Nf6 20. Bg5 h6 21. Bh4 Rd4 22. b3 Red8 23. Rad1 Qb6 24. Bxf6 Bxf6 25. Ne4 Qxb3 26. Rxd4 Rxd4 27. Nxf6+ gxf6 28. Qc1 Kg7 29. Kh2 Qxc4 30. Qb1 Qd3 31. Qb6 Qc3 32. Qc7 Rd7 33.
Qc8 Qd4 34. Rc1 Nd3 35. Rd1 e4 36. Rd2 c5 37. Re2 Re7 38. Qb8 c4 39. h4 c3 40.
h5 Nxf2 41. Qf4 Nd3 42. Qg4+ Kh7 43. Bxe4 Nf2 44. Qf4 Rxe4 45. Qxf2 Rxe2 46. Qxe2 Qd2 47. Qxd2 cxd2 48. g4 d1=Q 49. g5 Qxh5+ 50. Kg3 Qxg5+ 51. Kh3 Qxf5+ 52. Kh4 Qc5 53. Kg4 Qb4+ 54. Kh5 Qe1 55. Kg4 Qg1+ 56. Kf5 Qg5+ 57. Ke4 h5 58. Kf3 h4 59. Ke4 h3 60. Kd4 Qf4+ 61. Kc5 h2 62.
Kb6 h1=Q 63. Ka7 Qg1+ 64. Ka8 Qfg4 65. Kb8 Qh2+ 66. Ka7 Kh6 67. Kb6 Kh5 68. Kxa5 Qe5+ 69. Kb6 Qd6+ 70. Ka7 Qc5+ 71. Ka8 Qcc8+ 72. Ka7 Qd4# 0-1

[Event "Late-Titled-Tuesday-Blitz-October-03-2023"]
[Site "Chess.com"]
[Date "2023.10.03"]
[Round "2"]
[White "luca_va99"]
[Black "whiteglovethief"]
[Result "1/2-1/2"]
[WhiteElo "2305"]
[BlackElo "2488"]
[TimeControl "180+1"]
[EndTime "14:18:02 PDT"]
[Termination "Game drawn - insufficient material"]

1. Nf3 Nf6 2. c4 g6 3. Nc3 Bg7 4. e4 d6 5. Be2 O-O 6. O-O e5 7. d4 exd4 8. Nxd4 Nc6 9. Be3 Re8 10. f3 Nxd4 11. Bxd4 Be6 12. b3 Nd7 13. Bxg7 Kxg7 14. Rc1 Qf6 15. Qd2 Rad8 16. Nd5 Bxd5 17. cxd5 Nc5 18.
b4 Na6 19. Bxa6 bxa6 20. Rxc7 a5 21. bxa5 Rb8 22. Rfc1 Rb2 23. R7c2 Reb8 24. h3 h5 25. a3 h4 26. Rxb2 Rxb2 27. Qc3 Ra2 28. Qxf6+ Kxf6 29. Rc7 a6 30. Rc6 Ke5 31. Rxa6 Kf4 32. Kh2 Ke5 33. Ra7 f5 34. exf5 gxf5 35. a6 Rxa3 36. Ra8 Kxd5 37.
a7 f4 38. Rf8 Rxa7 39. Rxf4 Rh7 40. Kg1 Kc5 41. Kf2 d5 42. Ke3 Rg7 43. Rg4 Rh7 44. Kd3 Ra7 45. Rxh4 Ra3+ 46. Ke2 Ra2+ 47. Kf1 d4 48. Rh8 d3 49. Rd8 Kc4 50. g4 Kc3 51. Ke1 Rh2 52. Rc8+ Kd4 53. Rd8+ Ke3 54. Re8+ Kxf3 55.
Rf8+ Ke3 56. Re8+ Kd4 57. Rd8+ Kc4 58. Rc8+ Kb3 59. Rb8+ Kc3 60. Rc8+ Kb3 61. Rb8+ Kc3 62. Rc8+ Kd4 63. Rd8+ Ke4 64. Re8+ Kf4 65. Rd8 Rxh3 66. Kd2 Ke4 67. Re8+ Kd4 68. Rd8+ Ke4 69. Re8+ Kf4 70.
Rd8 Kxg4 71. Rd4+ Kf5 72. Rxd3 Rxd3+ 73. Kxd3 1/2-1/2

[Event "Late-Titled-Tuesday-Blitz-October-03-2023"]
[Site "Chess.com"]
[Date "2023.10.03"]
[Round "2"]
[White "jsdbv18"]
[Black "Polish_fighter3000"]
[Result "0-1"]
[WhiteElo "2626"]
[BlackElo "3076"]
[TimeControl "180+1"]
[EndTime "14:18:04 PDT"]
[Termination "Polish_fighter3000 won by resignation"]

1. d4 Nf6 2. Bf4 c5 3. d5 b5 4. e4 Nxe4 5. Qf3 Qa5+ 6. Nd2 Nxd2 7. Bxd2 Qb6 8. Nh3 a6 9. a4 b4 10. Bd3 Qf6 11. Qe2 Qxb2 12. O-O d6 13. Ng5 h6 14. Nxf7 Kxf7 15. c3 bxc3 16. Qh5+ Kg8 17. Bg6 Rh7 18. Qf3 Nd7 19. Bxc3 Qb7 20. Qf7+ Kh8 21. Rae1 Qb3 22. Re3 Bb7 23. Bxh7 Qxd5 24. Qxd5 Bxd5 25. Bf5 Nb6 26. a5 Nc4 27. Rh3 Kg8 28. Re1 e5 29. f4 exf4 30.
Rd3 Bf7 31. Be6 Ne3 32. Bxf7+ Kxf7 33. g3 Rb8 34. gxf4 Nf5 35. Bd2 Rb5 36. Rd5 g6 37.
Rc1 Bg7 38. Bc3 Bxc3 39. Rxc3 Ke6 40. Rd2 Rxa5 41. Rb2 Rb5 42. Ra2 Rb1+ 43. Kf2 Rb6 44. Rca3 Rb4 45. Kf3 Nh4+ 46. Kg3 Nf5+ 47. Kf3 Nd4+ 48.
Kg3 Nb5 49. Rxa6 Kf5 50. Rd2 Rb3+ 51. Kg2 Kxf4 52. Rb6 c4 53. Rdxd6 Nxd6 54. Rxd6 Kf5 55. Rc6 Rc3 56. Rc5+ Kf4 57. Rc6 Kg5 58. Rc5+ Kh4 59. Rc6 Kh5 60. h3 Rc1 61. Rc5+ g5 62. Rc6 c3 63. Rc4 Kg6 64. Rc6+ Kg7 65. Rc7+ Kf8 66. Rc6 Kf7 67. Rxh6 Rd1 68. Rc6 Rd3 69. Rc5 Kf6 70.
Rc6+ Ke5 71. Rc8 Kd4 72. Rd8+ Ke3 73. Rc8 Kd2 0-1

[Event "Late-Titled-Tuesday-Blitz-October-03-2023"]
[Site "Chess.com"]
[Date "2023.10.03"]
[Round "2"]
[White "Efremov_Vlad"]
[Black "geordie_derraugh"]
[Result "0-1"]
[WhiteElo "2298"]
[BlackElo "2508"]
[TimeControl "180+1"]
[EndTime "14:18:04 PDT"]
[Termination "geordie_derraugh won by resignation"]

1. d4 Nf6 2. c4 e5 3. dxe5 Ng4 4. Bf4 Nc6 5. Nf3 Bb4+ 6. Nbd2 Qe7 7. a3 Ngxe5 8.
Nxe5 Nxe5 9. e3 Bxd2+ 10. Qxd2 d6 11. Be2 O-O 12. O-O Ng6 13. Bg3 b6 14. Bf3 Rb8 15. Rac1 f5 16. b4 Rd8 17. Rfe1 Be6 18. e4 Qf6 19.
exf5 Bxf5 20. Re2 Ne5 21. Bd5+ Kh8 22. Rce1 c6 23. Rxe5 dxe5 24. Bxe5 Qf8 25. Bxb8 cxd5 26. Bg3 dxc4 27. Qc3 Bd3 28. Be5 Kg8 29. Re3 Rd7 30. Rg3 Rf7 31. h4 b5 32. h5 h6 33. Kh2 Qe7 34.
Qd4 Kh7 35. Kg1 Bf5 36. f4 Qd7 37. Bd6 Bg4 38. Qd5 Rf5 39. Qd4 Rxh5 40. Qe4+ Bf5 41. Qe2 Rh4 42. Qe5 Rh5 43. Kf2 Qf7 44. Bc5 a6 45. Bd4 Bg6 46. Qe3 Rf5 47. Rf3 Bh5 48. Be5 Bxf3 49. Qxf3 Qg6 50. g4 Rf7 51. f5 Qg5 52.
Bf4 Qh4+ 53. Ke3 Qd8 54. Qe4 Re7 55. Be5 Kg8 56. f6 gxf6 57. Qg6+ Rg7 58. Qxh6 fxe5 59. Qe6+ Rf7 60. Qg6+ Kf8 61. Qh6+ Ke8 62. Qe6+ Re7 63. Qg6+ Kd7 64. Qxa6 Qc7 65. Qxb5+ Qc6 66. Qb8 c3 67. b5 Qc5+ 68. Ke4 c2 69. Qb7+ Ke6 70. Qa6+ Kf7 71. Qg6+ Kxg6 0-1

[Event "Late-Titled-Tuesday-Blitz-October-03-2023"]
[Site "Chess.com"]
[Date "2023.10.03"]
[Round "2"]
[White "BeanScreen"]
[Black "2346PL"]
[Result "1-0"]
[WhiteElo "2710"]
[BlackElo "2498"]
[TimeControl "180+1"]
[EndTime "14:18:05 PDT"]
[Termination "BeanScreen won by resignation"]

1. e4 d6 2. d4 Nf6 3. Nc3 e5 4. Nf3 Nbd7 5. Bc4 Be7 6. O-O O-O 7. Re1 c6 8. a4 b6 9. h3 Bb7 10. Be3 a6 11. b4 b5 12. Bb3 Qc7 13. Qd2 Rac8 14.
Rad1 Nb6 15. a5 Nbd7 16. dxe5 dxe5 17. Ne2 c5 18. Ng3 c4 19. Nf5 Rfe8 20. Bb6 Qb8 21. Qg5 Bf8 22. N3h4 g6 23. Ba2 Bc6 24. c3 Re6 25. Bb1 Nxb6 26. axb6 Qxb6 27. Nh6+ Kg7 28. N4f5+ Kh8 29. Nxf7+ Kg8 30. N7h6+ Kh8 31. Nf7+ Kg8 32. N7h6+ Bxh6 33. Qxh6 Qc7 34. Ng3 Rd8 35. Qg5 Red6 36. Bc2 Kf7 37. f3 Qe7 38. Qh6 Kg8 39. Kh2 Bb7 40.
Qe3 Rxd1 41. Rxd1 Rxd1 42. Bxd1 Qd6 43. Be2 Nd7 44. Qa7 Qb6 45. Qxb6 Nxb6 46. Bd1 Na8 47.
Nf1 Nc7 48. Ne3 Kf7 49. Kg1 Ke6 50. Kf2 Ne8 51. Ke2 g5 52. Kd2 h6 53. Ng4 h5 54. Ne3 Nf6 55. Nf5 Bxe4 56. Ng7+ Kf7 57. Nxh5 Nxh5 58. fxe4 Nf4 59. Bf3 Ke6 60. g3 Ng6 61.
Ke3 Kf6 62. Bg4 Ne7 63. h4 Nc6 64. Kd2 a5 65. Bd7 axb4 66. Bxc6 bxc3+ 67. Kxc3 gxh4 68. gxh4 Kg6 69. Bxb5 Kh5 70. Kxc4 Kxh4 71. Kd5 Kg5 72. Kxe5 1-0

[Event "Late-Titled-Tuesday-Blitz-October-03-2023"]
[Site "Chess.com"]
[Date "2023.10.03"]
[Round "2"]
[White "FairChess_on_YouTube"]
[Black "HalfIsCrayfish"]
[Result "1-0"]
[WhiteElo "3049"]
[BlackElo "2613"]
[TimeControl "180+1"]
[EndTime "14:18:13 PDT"]
[Termination "FairChess_on_YouTube won by resignation"]

1. b3 Nf6 2. Bb2 e6 3. g3 d5 4. Bg2 b6 5. c4 Bb7 6. cxd5 exd5 7. Nh3 Bd6 8. O-O O-O 9. Nc3 c6 10. d3 Nbd7 11. e4 Be5 12. d4 Bc7 13. e5 Ne8 14. Re1 g6 15. Ba3 Ng7 16. Bxf8 Qxf8 17. Nf4 Ne6 18.
Qg4 Qe7 19. Rad1 Nxf4 20. Qxf4 Nf8 21. Qe3 Rd8 22. f4 Ne6 23. Rf1 Ng7 24. Bh3 f5 25. Ne2 c5 26. Bg2 Ne6 27. Kh1 Bb8 28. Rc1 a6 29.
Rfd1 Ba7 30. dxc5 bxc5 31. Qc3 Kg7 32. Qa5 d4 33. Ng1 Bxg2+ 34. Kxg2 g5 35. fxg5 Nxg5 36.
Qxa6 Rd7 37. Nf3 Nxf3 38. Qf6+ Qxf6 39. exf6+ Kxf6 40. Kxf3 Ke5 41. Rc4 Kd5 42. Ra4 Re7 43. Kf2 Bb6 44. Ra6 Kc6 45. Ra8 Re3 46. Rf8 Rc3 47. Rd2 c4 48. bxc4 d3+ 49. Kf3 Rc2 50. Rf6+ Kc7 51. Rxb6 Rxd2 52. Rh6 Rxa2 53. Ke3 d2 54.
Ke2 Rc2 55. Rxh7+ Kd6 56. Rh5 Ke6 57. Rh4 Ke5 58. Kd1 Ra2 59. Rf4 Rb2 60. h4 Rb3 61.
h5 Rxg3 62. Rh4 Rg7 63. h6 Rh7 64. Kxd2 f4 65. Ke2 Kf5 66. Kf3 Kg5 67. Rh1 Kf5 68.
Rh5+ Kg6 69. Rh2 Kf5 70. c5 Ke5 71. Rh5+ Kf6 72. Kxf4 Kg6 73. Rh1 Rc7 74. h7 1-0

[Event "Late-Titled-Tuesday-Blitz-October-03-2023"]
[Site "Chess.com"]
[Date "2023.10.03"]
[Round "2"]
[White "Lady_Nika"]
[Black "Mops_2004"]
[Result "1-0"]
[WhiteElo "2551"]
[BlackElo "2812"]
[TimeControl "180+1"]
[EndTime "14:18:14 PDT"]
[Termination "Lady_Nika won by resignation"]

1. e4 g6 2. d4 Bg7 3. c4 d6 4.
Nc3 e5 5. d5 a5 6. f3 Na6 7. Be3 Bh6 8. Qd2 Nc5 9. O-O-O Bxe3 10.
Qxe3 f5 11. Bd3 f4 12. Qf2 Nf6 13. Nge2 Bd7 14. Bc2 Qe7 15. g3 g5 16. h4 fxg3 17. Nxg3 gxh4 18. Rxh4 Nxd5 19. Nxd5 Qxh4 20. Nxc7+ Kf7 21.
Nxa8 Rxa8 22. Rxd6 Rc8 23. Rd2 Be6 24. Nf5 Qxf2 25.
Rxf2 Bxf5 26. exf5 h5 27. Rh2 Rh8 28. b3 h4 29. Kd2 Nd7 30. Ke3 Nf6 31. Be4 b6 32. a3 Ke7 33. Rh3 Kd6 34. Rh1 Kc5 35. Kd3 h3 36. Kc3 h2 37. Bb7 Rh3 38. Rd1 b5 39.
Rh1 b4+ 40. axb4+ axb4+ 41. Kd3 Nh5 42. f6 Nxf6 43. Ke2 Nh5 44. Kf2 Nf4 45. Be4 Kd4 46.
Bf5 Rh8 47. Kg3 Rg8+ 48. Bg4 Ne2+ 49. Kf2 Nf4 50. Rxh2 Kc3 51. Ke3 Rd8 52. c5 Rd3+ 53. Ke4 Rd4+ 54. Kf5 Nd3 55. c6 Rd6 56. c7 Rc6 57.
Rh7 Kxb3 58. Kg5 Nc5 59. c8=Q Rxc8 60. Bxc8 Kc4 61. Rc7 b3 62. Be6+ Kb5 63. Rxc5+ Kxc5 64. Bxb3 Kb4 65. Bc2 Kc5 66. Be4 1-0

[Event "Late-Titled-Tuesday-Blitz-October-03-2023"]
[Site "Chess.com"]
[Date "2023.10.03"]
[Round "2"]
[White "Hrant_ChessMood"]
[Black "Deeper44"]
[Result "1-0"]
[WhiteElo "2963"]
[BlackElo "2587"]
[TimeControl "180+1"]
[EndTime "14:18:18 PDT"]
[Termination "Hrant_ChessMood won by resignation"]

1. c4 Nf6 2. Nf3 g6 3. Nc3 Bg7 4. e4 d6 5. d4 O-O 6. Be2 Na6 7.
O-O e5 8. Re1 exd4 9. Nxd4 Re8 10. Bf1 Nc5 11. f3 c6 12. Be3 a5 13. Qc2 a4 14. Rad1 Qa5 15. Nde2 Be6 16. Nf4 Qc7 17.
Kh1 Nfd7 18. Bd4 Ne5 19. Nb1 Qe7 20. b4 axb3 21. axb3 Qg5 22. Be3 Qe7 23. b4 Na4 24. Nxe6 Qxe6 25. c5 dxc5 26. bxc5 Nd7 27. Rd6 Qe7 28. Red1 Nf8 29. Bc4 Nb2 30. Rc1 Nxc4 31. Qxc4 Be5 32. Rdd1 Red8 33. Nd2 Ne6 34. Nf1 Rxd1 35.
Rxd1 Rd8 36. Rb1 Bd4 37. Bxd4 Rxd4 38. Qc3 Qxc5 39. Qa1 b5 40. h3 Ra4 41. Qb2 Qd4 42. Qc1 Rc4 43. Qa3 Nf4 44. Qa2 Qd3 45. Re1 Rc2 46. Qa8+ Kg7 47. Ne3 Re2 48. Qa1+ Kg8 49.
Ng4 Rxe1+ 50. Qxe1 h5 51. Nf6+ Kg7 52. e5 Qe2 53.
Qg3 h4 54. Qxf4 Qe1+ 55. Kh2 Kf8 56. Ne4 Ke7 57. Ng5 f5 58. exf6+ Kf8 59. Qb8+ Qe8 60. Nh7+ Kf7 61. Qc7+ Ke6 62. Ng5+ Kxf6 63. Ne4+ Kf5 64. Nd6+ 1-0

[Event "Late-Titled-Tuesday-Blitz-October-03-2023"]
[Site "Chess.com"]
[Date "2023.10.03"]
[Round "2"]
[White "stasOR4ik"]
[Black "Elbebiber"]
[Result "1/2-1/2"]
[WhiteElo "2427"]
[BlackElo "2149"]
[TimeControl "180+1"]
[EndTime "14:18:23 PDT"]
[Termination "Game drawn - insufficient material"]

1. e4 d5 2. exd5 Nf6 3. Nf3 Nxd5 4. Bc4 c6 5. O-O Bf5 6. d4 e6 7. Re1 Be7 8. Nc3 O-O 9. Ne4 Nd7 10. Ng3 Bg6 11. Ne5 Nxe5 12. dxe5 Nb6 13. Bb3 Qxd1 14.
Rxd1 Rfd8 15. Be3 Kf8 16. f3 Ke8 17. Kf1 Rxd1+ 18. Rxd1 Rd8 19. Ke2 Rxd1 20. Kxd1 Kd7 21. Ne4 Bxe4 22. fxe4 Nc8 23. Ke2 b6 24. Kd3 Bd8 25. a4 Ne7 26. a5 Ng6 27. Bd4 bxa5 28. Bxa7 Nxe5+ 29. Kd4 Ng6 30. Ba4 Bf6+ 31. Kc5 Bxb2 32.
Bxc6+ Ke7 33. Kb5 Bc3 34. Bc5+ Kf6 35. Bb6 Ne5 36. Bb7 Ke7 37. Bxa5 Bxa5 38. Kxa5 Kd6 39. Kb5 Nd7 40. c4 e5 41. Bd5 f6 42. g4 g5 43.
h3 Nc5 44. Bc6 h6 45. Bd5 Nd3 46. Kb6 Nc5 47. Ba8 Nd7+ 48. Kb5 Nc5 49. Bd5 Nd7 50. Ka6 Nc5+ 51. Kb6 Nd7+ 52. Kb7 Nc5+ 53. Kc8 Nd3 54. Kd8 Nf2 55. Ke8 Nxh3 56. Kf7 Nf2 57. Kxf6 Nxg4+ 58. Kg6 Nf2 59. Kh5 g4 60. Kh4 h5 61.
Bf7 Kc5 62. Bxh5 Nxe4 63. Kxg4 Kxc4 64. Kf5 Kd4 65. Bf3 Nc3 66. Bh1 Nb5 67. Ke6 Nc3 68.
Kd6 Ne2 69. Kc7 Ng3 70. Bc6 Nf5 71. Bh1 Ne3 72. Ba8 Nc2 73. Kd6 Nb4 74. Kc7 Nd3 75. Bh1 Nf2 76. Bf3 Nh3 77. Bg2 Nf4 78. Bh1 Nd5+ 79.
Kd6 e4 80. Bxe4 1/2-1/2

[Event "Late-Titled-Tuesday-Blitz-October-03-2023"]
[Site "Chess.com"]
[Date "2023.10.03"]
[Round "2"]
[White "GiorgianBarbosa"]
[Black "protectiago"]
[Result "0-1"]
[WhiteElo "2392"]
[BlackElo "2063"]
[TimeControl "180+1"]
[EndTime "14:18:24 PDT"]
[Termination "protectiago won on time"]

1. c4 Nf6 2. Nc3 g6 3. g3 Bg7 4.
Bg2 e5 5. e4 O-O 6. Nge2 Nc6 7.
O-O d6 8. d3 Ne8 9. h3 f5 10.
f4 fxe4 11. Nxe4 Rb8 12. Kh2 Nf6 13. Rb1 Nxe4 14. Bxe4 Bd7 15. Be3 Kh8 16. Qd2 exf4 17. Nxf4 Ne5 18. b3 Bc6 19. Nd5 Bxd5 20. Bxd5 Qd7 21.
d4 Nc6 22. Bxc6 Qxc6 23. d5 Qd7 24. Bd4 Bxd4 25. Qxd4+ Qg7 26. Qxg7+ Kxg7 27. Rxf8 Rxf8 28. Kg2 Rf5 29. Re1 Kf7 30. b4 h6 31. a4 g5 32. Re6 Rf6 33. Re4 Rf5 34. a5 a6 35.
Re6 Rf6 36. Re4 Rf5 37. g4 Rf6 38. Re3 Kg6 39. Re7 Rf4 40. Rxc7 Kf6 41. Rxb7 Rxc4 42. Rb6 Ke5 43. b5 axb5 44. Rxb5 Ra4 45. Kg3 Ra3+ 46. Kg2 Ra2+ 47. Kf1 Kf4 48. Ke1 Kg3 49.
Kd1 Kxh3 50. Kc1 Kxg4 51. Kb1 Ra4 52. Kb2 h5 53. Kb3 Ra1 54. Rb4+ Kg3 55. Ra4 Rb1+ 56. Kc4 h4 57. a6 Rb8 58. a7 Ra8 59. Ra3+ Kg2 60.
Ra2+ Kg3 61. Ra3+ Kf4 62. Kd4 g4 63. Ra1 g3 64. Rf1+ Kg4 0-1

[Event "Late-Titled-Tuesday-Blitz-October-03-2023"]
[Site "Chess.com"]
[Date "2023.10.03"]
[Round "2"]
[White "tomozupan"]
[Black "Defenstrator"]
[Result "1-0"]
[WhiteElo "2233"]
[BlackElo "2449"]
[TimeControl "180+1"]
[EndTime "14:18:30 PDT"]
[Termination "tomozupan won by checkmate"]

1. d4 Nf6 2. Bg5 e6 3. e4 h6 4. Bxf6 Qxf6 5. Nf3 d5 6. e5 Qd8 7. Qd2 c5 8. c3 Nc6 9. Bd3 Qb6 10.
O-O Bd7 11. Na3 cxd4 12. cxd4 Bxa3 13. bxa3 Nxd4 14. Nxd4 Qxd4 15. Rab1 b6 16. Rb4 Qxe5 17. Re1 Qf6 18. Rf4 Qe7 19. Rg4 g5 20. f4 O-O-O 21.
fxg5 hxg5 22. Rxg5 Qxa3 23. Rg3 Qc5+ 24. Kh1 Kb7 25.
Rc1 Qd6 26. Qf2 f5 27. h3 Rhg8 28. Rxg8 Rxg8 29. Qe2 e5 30. Ba6+ Kb8 31. Qh5 d4 32. Qf7 Rf8 33. Qg7 Rd8 34. Re1 e4 35. Qg5 Be6 36.
Qg7 Qc7 37. Qf6 Bc8 38. Bxc8 Qxc8 39. Qe5+ Ka8 40. Rf1 d3 41. Qf4 d2 42. Rd1 Qc2 43. Qf1 Rc8 44. Kh2 Qc7+ 45. g3 Qc2 46. Qe2 Kb8 47. Rxd2 Qc5 48. Qf2 e3 49. Qf4+ Kb7 50.
Re2 Re8 51. Qf3+ Ka6 52. h4 Qe5 53. Qg2 Qe4 54. Qxe4 Rxe4 55. Kg2 Kb5 56. Kf3 Ra4 57. Kxe3 Kc5 58. Kf3 Kd5 59. h5 Ra3+ 60. Kf4 b5 61. h6 Ra6 62. Rh2 Ra4+ 63. Kxf5 Ra3 64. h7 Rf3+ 65. Kg4 Rd3 66. h8=Q Rd4+ 67. Kf3 Rd3+ 68. Ke2 Rxg3 69. Rh5+ Ke4 70. Qe5# 1-0

[Event "Late-Titled-Tuesday-Blitz-October-03-2023"]
[Site "Chess.com"]
[Date "2023.10.03"]
[Round "2"]
[White "jerry_77"]
[Black "Grischuk"]
[Result "0-1"]
[WhiteElo "2605"]
[BlackElo "3011"]
[TimeControl "180+1"]
[EndTime "14:18:31 PDT"]
[Termination "Grischuk won by resignation"]

1. e4 c5 2. Nf3 d6 3. d4 cxd4 4.
Nxd4 Nf6 5. Nc3 a6 6. Be3 e5 7. Nb3 Be6 8. f3 Be7 9. Qd2 h5 10. O-O-O Nbd7 11. Kb1 Rc8 12. g3 b5 13. h4 Nb6 14.
Bxb6 Qxb6 15. Nd5 Bxd5 16. exd5 Bd8 17. Bd3 a5 18. Bf5 Rb8 19. f4 a4 20. Nc1 g6 21.
Bd3 Ng4 22. Rde1 f5 23. Rhf1 O-O 24. Be2 Nf6 25. fxe5 dxe5 26. Qh6 Kf7 27. Nd3 Bc7 28. Bd1 Rh8 29. Qg5 Rbe8 30. a3 Bd6 31. c3 e4 32.
Nb4 Bxb4 33. cxb4 Qd6 34. Be2 Qxd5 35. Rd1 Qe5 36. Rd2 Rd8 37. Rc2 Rc8 38. Rfc1 Rxc2 39. Rxc2 Rd8 40. Qe3 Rd7 41. Qb6 e3 42. Bxb5 Re7 43.
Bc4+ Kg7 44. Re2 Qxg3 45. Ka2 Qe5 46. Qc5 Qxc5 47. bxc5 f4 48. Re1 f3 49. Rf1 e2 50.
Bxe2 fxe2 51. Re1 Kf7 52. b4 axb3+ 53. Kxb3 Re3+ 54. Kc4 Ke6 55. a4 Kd7 56. a5 Kc6 57. a6 Re4+ 58. Kd3 Kxc5 59. a7 Ra4 60. Rxe2 Ra3+ 61.
Kc2 Rxa7 62. Re6 Rf7 63. Kd3 Kd5 64. Ra6 Ke5 65. Ke3 Nd5+ 66. Ke2 Rf6 67. Ra5 Rf4 68.
Ra6 Rxh4 69. Kf2 Rf4+ 70. Kg3 g5 71. Kh2 Ne3 72. Ra5+ Kf6 73. Ra6+ Kf5 74. Kh3 Rf3+ 75. Kh2 Kg4 76. Ra4+ Rf4 77. Ra2 h4 78. Re2 Nf1+ 79. Kg2 Ng3 80. Ra2 Ne4 81. Kh1 Rf1+ 82. Kg2 Rf2+ 83. Rxf2 Nxf2 84. Kxf2 Kh3 85. Kg1 Kg3 86. Kh1 Kf2 87. Kh2 g4 88. Kh1 h3 89. Kh2 g3+ 0-1

[Event "Late-Titled-Tuesday-Blitz-October-03-2023"]
[Site "Chess.com"]
[Date "2023.10.03"]
[Round "2"]
[White "reevecanada"]
[Black "Harsha_Bharathakoti"]
[Result "0-1"]
[WhiteElo "2557"]
[BlackElo "2918"]
[TimeControl "180+1"]
[EndTime "14:18:34 PDT"]
[Termination "Harsha_Bharathakoti won by resignation"]

1. e4 e5 2. Nf3 Nc6 3. d4 exd4 4. Nxd4 Nf6 5. Nxc6 bxc6 6. Nd2 d6 7. Bd3 g6 8. O-O Bg7 9. h3 O-O 10. Nf3 Re8 11.
Re1 Rb8 12. c3 Nd7 13. Nd4 Bb7 14. Bc2 c5 15. Nb3 Ne5 16. Bf4 Ba8 17. Bxe5 Bxe5 18. Rb1 Qh4 19. Nd2 Bg7 20. Qg4 Qe7 21. Bb3 h5 22. Qf4 Be5 23. Qh6 Bg7 24. Qf4 Bc6 25. Nf3 Qf6 26. Qxf6 Bxf6 27. Bd5 Bd7 28. Nd2 Kg7 29.
Nf1 Rb6 30. Bb3 Bc6 31. f3 a5 32. Ne3 a4 33. Bc4 Reb8 34. Nd1 h4 35. a3 Be5 36. Re2 Bd7 37. Rc1 c6 38. Rcc2 Bc8 39. Kf1 Bb7 40. Ne3 Rd8 41. Rcd2 Bf4 42. Rd3 Ba8 43. Red2 Rdb8 44.
Nd1 Bxd2 45. Rxd2 Rd8 46. Ne3 Kf6 47. Ng4+ Ke7 48. Ne3 Rbb8 49. Kf2 Bb7 50. f4 Bc8 51. Kf3 Be6 52. Bxe6 fxe6 53. c4 Rb3 54. Kf2 Rf8 55. f5 g5 56. Ke2 Rfb8 57. Nd1 Rg3 58. Kf2 exf5 59. exf5 Rgb3 60. Re2+ Kd7 61. Rd2 Rf8 62. Ne3 Rfb8 63. Nd1 Re8 64. Nc3 Re5 65. Kf3 Rxf5+ 66. Kg4 Re5 67. Nxa4 Rg3+ 68. Kh5 Kc7 69. Nc3 Rge3 70.
Kg4 Rg3+ 71. Kh5 Rge3 72. Kg4 Re1 73. a4 Rf1 74. a5 Rf4+ 75. Kh5 Rxc4 76. Rf2 g4+ 77. Kxh4 gxh3+ 78. Kxh3 Re7 79. g4 d5 80. Kg3 d4 81. Ne2 Rc2 82. Nf4 Rxf2 83. Kxf2 c4 84.
g5 d3 85. g6 d2 86. g7 d1=Q 87. g8=Q Qd2+ 88. Kg3 Qe3+ 89. Kg4 Qg1+ 0-1

[Event "Late-Titled-Tuesday-Blitz-October-03-2023"]
[Site "Chess.com"]
[Date "2023.10.03"]
[Round "2"]
[White "Savagelittlemole"]
[Black "Bauman_Guy"]
[Result "1-0"]
[WhiteElo "2568"]
[BlackElo "2862"]
[TimeControl "180+1"]
[EndTime "14:18:40 PDT"]
[Termination "Savagelittlemole won by resignation"]

1. e4 c5 2. Ne2 Nc6 3. g3 g6 4. Bg2 Bg7 5. O-O d6 6. c3 Bg4 7. h3 Bxe2 8. Qxe2 Nf6 9. Rd1 Nd7 10. Na3 O-O 11. Nc2 Rb8 12. d4 b5 13. e5 Qc7 14. exd6 exd6 15. Bf4 cxd4 16. Nxd4 Nxd4 17. cxd4 Qb6 18. Qe7 Rbd8 19. Qxd6 Rfe8 20. Qxb6 Nxb6 21. d5 Nc4 22. Rab1 Nxb2 23. Rd2 Nc4 24. Rd3 a6 25. d6 g5 26. Bxg5 Rxd6 27. Rxd6 Nxd6 28. Rd1 Bf8 29. Bf4 Re6 30. Bd5 Rg6 31. Bb3 h5 32. h4 Nc4 33.
Rd5 Bh6 34. Bxh6 Rxh6 35. Bxc4 bxc4 36. Rc5 Rb6 37. Rxc4 Rb5 38. Ra4 a5 39. Kg2 Kg7 40.
Kf3 Kf6 41. Rf4+ Ke6 42. Re4+ Kf6 43. a4 Rb3+ 44. Kf4 Ra3 45. Rc4 Kg6 46. Ke4 Ra2 47.
f3 Ra3 48. Kf4 f6 49. g4 Ra1 50. gxh5+ Kxh5 51. Rc5+ Kxh4 52. Rxa5 Kh3 53. Kf5 Kg3 54. f4 Kf3 55. Ra8 Ke3 56. a5 Ra4 57. Kxf6 Kxf4 58. Ke6 Kg5 59. a6 Ra1 60. Kd6 Kf6 61. Kc6 Ke7 62.
Kb7 Kd7 63. Ka7 Kc7 64. Rg8 Ra2 65. Rg3 Ra1 66. Rc3+ Kd7 67. Kb7 Rb1+ 68. Ka8 Ra1 69. a7 Ra2 70. Rd3+ Kc7 71. Rc3+ Kd7 72. Rb3 Kc7 73.
Rb7+ Kc8 74. Rb8+ Kc7 75. Rb3 Ra1 76. Rc3+ Kd7 77. Kb7 Rb1+ 78. Ka8 Ra1 79. Rc4 Rb1 80. Rc5 Rb2 81. Rc4 Rb1 82. Rg4 Kc7 83. Rg7+ Kc8 84. Rg8+ Kc7 85. Rb8 Ra1 86. Rb7+ Kc8 87. Rb5 Kc7 88. Rc5+ Kd7 89. Kb7 Rb1+ 90. Ka6 Ra1+ 91.
Ra5 1-0

[Event "Late-Titled-Tuesday-Blitz-October-03-2023"]
[Site "Chess.com"]
[Date "2023.10.03"]
[Round "2"]
[White "Rutricks"]
[Black "Pomberito2"]
[Result "1-0"]
[WhiteElo "2704"]
[BlackElo "2474"]
[TimeControl "180+1"]
[EndTime "14:18:42 PDT"]
[Termination "Rutricks won on time"]

1. Nf3 Nf6 2. g3 b6 3. Bg2 Bb7 4. O-O e6 5. b3 Be7 6. Bb2 O-O 7. c4 d5 8. e3 Nbd7 9. Qe2 Ne4 10. d3 Nd6 11.
Nc3 Bf6 12. Rac1 a5 13. Nd4 dxc4 14. dxc4 Bxg2 15. Kxg2 Nc5 16. Rfd1 Qe8 17. Qf3 e5 18. Ndb5 Nxb5 19. cxb5 e4 20. Qe2 Nd3 21. Rxd3 exd3 22. Qxd3 Rd8 23. Qc4 Qe5 24. Na4 Qd5+ 25. Qxd5 Rxd5 26.
Bxf6 gxf6 27. Rxc7 Rxb5 28. Rc6 Kg7 29. Nxb6 Rd8 30.
Nc4 a4 31. bxa4 Rb4 32. a5 Ra4 33. a3 Rd1 34. Nb6 Rxa5 35. Nc4 Ra7 36. Nd6 Rxa3 37.
Ne8+ Kf8 38. Nxf6 Ra2 39. Ne4 Rb1 40. Kf3 Rbb2 41. Rf6 Kg7 42. Rf4 h5 43. h3 Ra6 44.
g4 hxg4+ 45. hxg4 Kg6 46. Rf5 f6 47. Rf4 Rb4 48. Ng3 Rxf4+ 49. Kxf4 Ra4+ 50. Kf3 Ra2 51.
e4 Ra3+ 52. Kf4 Ra2 53. f3 Ra5 54. Nf5 Ra4 55. Ne7+ Kf7 56. Nd5 Ra3 57. Nb6 Kg6 58. Nc4 Rc3 59. Ne3 Kf7 60. Nd5 Ra3 61. Nb4 Kg6 62. Nc2 Ra2 63. Nd4 Ra3 64. Nf5 Rb3 65.
Nh4+ Kf7 66. g5 fxg5+ 67. Kxg5 Rb5+ 68. Nf5 Rb1 69. Kf4 Kf6 70. Nd4 Rd1 71. e5+ Kg6 72.
Nf5 Ra1 73. Nd6 Ra4+ 74. Ne4 Kf7 75. Kf5 Ra8 76. f4 Ra5 77. Nd6+ 1-0